Map: 2000 Atmospheres LE

Players

ballin - Winner!

  • Race: Terran Terran
  • League: Silver

Throwfordays

  • Race: Protoss Protoss
  • League: Silver

VOD

Have the link to the VOD?

Description

Time

  • Played on: July 20, 2021, 12:41 p.m.
  • Length: 3:33
Show
View Real Time Build Order
Export as new Build Order

ballin Terran - Winner!

Build Orders:  

Get SALT Encoding   

  12  0:02  SCV  
  13  0:14  Supply Depot  
  13  0:19  SCV  
  14  0:31  SCV  
  15  0:44  SCV, Barracks  
  16  0:56  SCV  
  17  1:03  Barracks  
  17  1:14  Barracks  
  17  1:27  SCV  
  18  1:34  Supply Depot  
  18  1:36  Marine  
  19  1:47  SCV  
  19  1:51  Marine  
  21  1:57  Marine  
  22  2:05  Marine  
  22  2:07  Barracks  
  23  2:09  Marine  
  23  2:13  Supply Depot  
  23  2:14  Marine  
  25  2:23  Marine  
  25  2:27  Marine  
  27  2:32  Marine  
  28  2:41  Marine  
  29  2:45  Marine  
  29  2:50  Marine  
  31  3:03  Marine x2  
  33  3:08  Marine  
Show
View Real Time Build Order
Export as new Build Order

Throwfordays Protoss 

Build Orders: 1 Gate Expand 

Get SALT Encoding   

  12  0:00  Probe  
  13  0:12  Probe  
  14  0:19  Pylon  
  14  0:24  Probe  
  15  0:37  Probe  
  15  0:40  Gateway  
  16  0:48  Assimilator  
  16  0:52  Probe  
  18  1:04  Probe  
  18  1:16  Probe  
  19  1:28  Cybernetics Core, Probe  
  20  1:38  Nexus  
  20  1:46  Probe  
  21  1:58  Probe  
  22  2:10  Probe  
  22  2:13  Pylon  
  23  2:15  Assimilator  
  23  2:30  Adept (Chrono Boost)  
  23  2:31  Probe  
  26  2:38  Pylon  
  27  2:45  Probe (Chrono Boost)  
  27  2:50  Probe (Chrono Boost)  
  28  3:00  Probe (Chrono Boost)  
  28  3:05  Probe (Chrono Boost)  
  29  3:07  Pylon  
  29  3:19  Gateway  
  26  3:21  Gateway  
  26  3:26  Gateway  
Tags
 
Add a new tag
Caveats
  • Supply blocks, unpowered buildings, or Contaminate may cause inaccurate times.
  • Supply counts are checked every 10 seconds.